 Dungeon Crawl Stone Soup version 0.29-a0-582-ge82337ba6a (webtiles) character file.

Game seed: 793382113993622555

77 bande the Covered (level 4, 0/29 HPs)
             Began as a Gargoyle Fighter on June 14, 2022.
             Slain by an orc wizard
             ... wielding a +0 dagger
              (2 damage)
             ... on level 3 of the Dungeon.
             The game lasted 00:02:22 (2657 turns).

bande the Covered (Gargoyle Fighter)                Turns: 2657, Time: 00:02:22

Health: 0/29       AC: 10    Str: 19    XL:     4   Next: 33%
Magic:  4/4        EV:  9    Int:  9    God:
Gold:   119        SH:  4    Dex: 11    Spells: 3/3 levels left

rFire   . . .      SeeInvis .   a - +0 war axe
rCold   . . .      Faith    .   c - +0 buckler
rNeg    + . .      Spirit   .   b - +0 scale mail
rPois   ∞          Reflect  .   (no helmet)
rElec   +          Harm     .   (no cloak)
rCorr   .          Rampage  .   (no gloves)
Will    .....                   (no boots)
Stlth   ..........              (no amulet)
HPRegen 0.09/turn               (no ring)
MPRegen 0.09/turn               (no ring)

@: mighty
A: sickness immunity, AC +3, negative energy resistance 1, electricity
resistance, torment resistance 1, petrification resistance
a: no special abilities


You were on level 3 of the Dungeon.
You visited 1 branch of the dungeon, and saw 3 of its levels.

You collected 119 gold pieces.

Inventory:

Hand Weapons
 a - a +0 war axe (weapon)
Armour
 b - a +0 scale mail (worn)
 c - a +0 buckler (worn)
Scrolls
 f - 3 scrolls of identify
Potions
 i - a potion of resistance


   Skills:
 + Level 3.9 Fighting
 + Level 2.8 Axes
 + Level 3.9 Armour
 + Level 3.7 Shields


You had 3 spell levels left.
You didn't know any spells.
Your spell library was empty.

Dungeon Overview and Level Annotations

Branches:
Dungeon (3/15)

Altars:

Shops:
D:1 [


Innate Abilities, Weirdness & Mutations

You are immune to sickness and miasma.
Your stone body is resilient. (AC +3)
You are immune to poison.
You resist negative energy. (rN+)
You are resistant to electric shocks. (rElec)
You are resistant to unholy torment.
You are immune to petrification.


Message History

You kill the orc!
The orc hits you but does no damage.
You hear some strange, mumbled words.
A puff of flame appears from out of thin air!
The puff of flame hits you.
You completely miss the orc. You closely miss the orc.
You barely miss something.
You hear some strange, mumbled words.
A puff of flame appears from out of thin air!
The puff of flame hits you! The orc completely misses you.
Something hits you but does no damage.
You closely miss the orc. You barely miss something.
Something hits you but does no damage. The orc hits you but does no damage.
You barely miss the orc. You miss something. You hit the orc.
The orc hits you but does no damage. Something hits you but does no damage.
The orc hits you but does no damage.
You hit the orc but do no damage.
The orc is lightly wounded.
You hit the orc. You hit something. Something hits you.
The orc hits you with a +0 club. The orc hits you but does no damage.
You hear some strange, mumbled words.
A puff of flame appears from out of thin air!
The puff of flame hits you!
* * * LOW HITPOINT WARNING * * *
The orc closely misses you. The orc hits you with a +0 club.
* * * LOW HITPOINT WARNING * * *
You feel very mighty all of a sudden.
You hear some strange, mumbled words.
A puff of flame appears from out of thin air!
The puff of flame hits you.
* * * LOW HITPOINT WARNING * * *
You block the orc's attack. The orc hits you but does no damage.
Unknown command.
You miss something. You closely miss the orc. You slash the orc!
You kill the orc!
The orc barely misses you. Something hits you but does no damage.
You closely miss something. You hit the orc.
You kill the orc!
Something hits you but does no damage. Something hits you.
You die...

#.......... ##.†.#.##..
####### .......# ......#
##.#....# ......#
.....##.# ......#
.....##.# ......#
........# ......#
.#.#.############).....#
...#.#..........@{.....#
##...............)......
#.............$.....###
#..................##
#....##########....#
#....# #..### ###.##
#.## #.# #.# #.#


There were no monsters in sight!

Vanquished Creatures
  2 adders (D:2)
  2 dart slugs (D:1)
  3 orcs (D:3)
  4 ball pythons
  4 bats
  8 endoplasms
  2 giant cockroaches
  4 hobgoblins
  3 jackals (D:1)
  5 quokkas (D:1)
  2 frilled lizards
  3 goblins (D:1)
  3 kobolds
  4 rats
49 creatures vanquished.

Notes
Turn   | Place    | Note
-------+----------+-------------------------------------------
     0 | D:1      | bande the Gargoyle Fighter began the quest for the Orb.
     0 | D:1      | Reached XP level 1. HP: 14/14 MP: 1/1
   239 | D:1      | Reached XP level 2. HP: 19/19 MP: 2/2
   836 | D:1      | Found Moase's Antique Armour Shoppe.
  1101 | D:1      | Reached XP level 3. HP: 22/24 MP: 3/3
  1117 | D:1      | Found a faded altar of an unknown god.
  2189 | D:2      | Reached XP level 4. HP: 29/29 MP: 4/4
  2657 | D:3      | Slain by an orc wizard

Illustrated notes

Levels and vault maps discovered:
D:1:      dpeg_arrival_oval, layout_basic, serial_shops,
          nicolae_shop_temple_entry_statues_fountains,
          ebering_ecumenical_altar_sacrificial
D:2:      minmay_chambers_of_ones, layout_loops_cross, skrybe_limestone_x
D:3:      layout_basic, nicolae_sif_muna_condensation,
          nemelex_dance_club_becter, uniq_terence, uniq_robin, uniq_grinder,
          uniq_ijyb

Skill      XL: |  1 |
---------------+----+-----
Axes           | 2 |  2.8
Fighting       | |  3.9
Armour         | |  3.9
Shields        | |  3.7

Action                   |  1- 3 |  4- 6 || total
-------------------------+-------+-------++-------
Melee: War axe           |   119 |    35 ||   154
  Use: Scroll            |     4 |     1 ||     5
       Potion            |       |     1 ||     1
Armor: Scale mail        |    61 |    21 ||    82
Dodge: Dodged            |    53 |    29 ||    82
Block: Buckler           |    33 |     4 ||    37

Table legend: (Time is in decaauts)
 A = Elapsed time spent in this place.
 B = Non-inter-level travel time spent in this place.
 C = Inter-level travel time spent in this place.
 D = Time resting spent in this place.
 E = Time spent auto-exploring this place.
 F = Levels seen in this place.
 G = Mean time per level.
                   A        B        C        D        E       F      G
               +--------+--------+--------+--------+--------+-----+--------+
         Total |   2720 |   2625 |     95 |      0 |   2242 |   3 |  906.7 |
       Dungeon |   2720 |   2625 |     95 |      0 |   2242 |   3 |  906.7 |
               +--------+--------+--------+--------+--------+-----+--------+

Top non-repeatable levels by time:
     D:1: 1712 daAuts
     D:2: 956 daAuts
     D:3: 51 daAuts
